 Dungeon Crawl Stone Soup version 0.31-a0-214-gb37851dbb3 (webtiles) character file.

Game seed: 4634703313156670393

34915 Zonian the Eclecticist (level 13, -16/70 HPs)
             Began as a Deep Elf Summoner on July 1, 2023.
             Was an Elder of Ashenzari.
             Demolished by a cane toad (20 damage)
             ... on level 5 of the Lair of Beasts.
             The game lasted 01:06:19 (22583 turns).

Zonian the Eclecticist (Deep Elf Summoner)         Turns: 22583, Time: 01:06:21

Health: -16/70     AC:  5    Str:  5    XL:     13   Next: 44%
Magic:  35/40      EV: 15    Int: 29    God:    Ashenzari [****..]
Gold:   1485       SH:  5    Dex: 15    Spells: 31/54 levels left

rFire   . . .        l - +8 short sword "Sibylline Oracle" {spect, Will+, Comp, Self} (curse)
rCold   . . .        (no shield)
rNeg    . . .        t - +0 leather armour of Ouranomancy {Comp, Self} (curse)
rPois   .            (no helmet)
rElec   +            g - +0 cloak "Shattered Insecurity" {Range, Self} (curse)
rCorr   .            d - +0 pair of gloves "Ensconced With Me" {Range, Self} (curse)
SInv    +            (no boots)
Will    +++..        K - amulet "All-seeing Affliction" {Reflect +Inv rElec Will+ Int+3 SH+5, Comp, Alch} (curse)
Stlth   ++           R - ring of Ashenzari's Dismay {Slay+4, Evo, Fort} (curse)
HPRegen 0.31/turn    X - ring of Ashenzari's Loss {Slay+4, Evo, Cun} (curse)
MPRegen 0.27/turn

%: reflection, clarity
@: very slow
A: no striking features
a: Renounce Religion, Evoke Invisibility, Shatter the Chains


You were on level 5 of the Lair of Beasts.
You worshipped Ashenzari.
Ashenzari was greatly pleased with you.
You visited 3 branches of the dungeon, and saw 17 of its levels.
You also visited: Sewer.

You collected 1485 gold pieces.

Inventory:

Hand Weapons
 l - the cursed +8 short sword "Sibylline Oracle" (weapon) {spect, Will+, Comp, Self}
   (You found it on level 2 of the Dungeon)

   Will:      It increases your willpower.
   It has a curse which improves the following skills: Companions: Summonings
   and Necromancy.
   Introspection: Fighting and Spellcasting.
Missiles
 c - 4 curare-tipped darts
 i - 16 poisoned darts
 x - 30 boomerangs
 F - a throwing net
Armour
 a - a +0 robe
 b - the +0 hat of the Stars {rCorr}
   (You acquired it on level 1 of the Lair of Beasts)

   rCorr:     It protects you from acid and corrosion.
 d - the cursed +0 pair of gloves "Ensconced With Me" (worn) {Range, Self}
   (You found it on level 1 of the Dungeon)

   It has a curse which improves the following skills: Ranged Combat: Ranged
   Weapons and Throwing.
   Introspection: Fighting and Spellcasting.
 g - the cursed +0 cloak "Shattered Insecurity" (worn) {Range, Self}
   (You found it on level 1 of the Dungeon)

   It has a curse which improves the following skills: Ranged Combat: Ranged
   Weapons and Throwing.
   Introspection: Fighting and Spellcasting.
 q - +0 acid dragon scales
 t - the cursed +0 leather armour of Ouranomancy (worn) {Comp, Self}
   (You took it off an orc on level 3 of the Dungeon)

   It has a curse which improves the following skills: Companions: Summonings
   and Necromancy.
   Introspection: Fighting and Spellcasting.
 B - the scarf of the Brambles {repulsion, MP-9 Int+6}
   (You found it on level 5 of the Dungeon)

   Int:       It affects your intelligence (+6).
   MP:        It affects your magic capacity (-9).
 L - a +3 leather armour of cold resistance
 P - a +0 troll leather armour
 S - an orb of light
Magical Staves
 m - a staff of earth
 E - a staff of conjuration
 H - a staff of earth
Jewellery
 s - a ring of protection from cold
 K - the cursed amulet "All-seeing Affliction" (around neck) {Reflect +Inv rElec Will+ Int+3 SH+5, Comp, Alch}
   (You acquired it on level 4 of the Lair of Beasts)

   [amulet of reflection]

   It reflects blocked missile attacks.
   Int:       It affects your intelligence (+3).
   rElec:     It insulates you from electricity.
   +Inv:      It lets you turn invisible.
   SH:        It affects your SH (+5).
   Will:      It increases your willpower.
   It has a curse which improves the following skills: Companions: Summonings
   and Necromancy.
   Alchemy:   Poison Magic and Transmutations.
 R - the cursed ring of Ashenzari's Dismay (left hand) {Slay+4, Evo, Fort}
   (You found it on level 11 of the Dungeon)

   [ring of slaying]

   Slay:      It affects your accuracy & damage with ranged weapons and melee
   (+4).
   It has a curse which improves the following skills: Evocations: Evocations.
   Fortitude: Armour and Shields.
 U - a ring of fire
 X - the cursed ring of Ashenzari's Loss (right hand) {Slay+4, Evo, Cun}
   (You found it on level 3 of the Lair of Beasts)

   [ring of slaying]

   Slay:      It affects your accuracy & damage with ranged weapons and melee
   (+4).
   It has a curse which improves the following skills: Evocations: Evocations.
   Cunning:   Dodging and Stealth.
 Y - a ring of magical power
 Z - a ring of protection from fire
Wands
 h - a wand of flame (26)
 D - a wand of roots (2)
 M - a wand of polymorph (6)
 V - a wand of paralysis (3)
Scrolls
 j - a scroll of butterflies
 k - 3 scrolls of revelation
 o - 4 scrolls of enchant weapon
 w - a scroll of brand weapon
 y - 3 scrolls of torment
 C - a scroll of teleportation
 I - 5 scrolls of enchant armour
 J - a scroll of silence
 W - 2 scrolls of fog
Potions
 f - a potion of mutation
 n - 2 potions of cancellation
 p - 2 potions of brilliance
 r - 2 potions of might
 z - 2 potions of haste
 A - 6 potions of enlightenment
 G - 3 potions of lignification
 N - a potion of ambrosia
 Q - a potion of heal wounds
 T - a potion of curing


   Skills:
 - Level 1.4(4.1) Fighting
 - Level 8.1 Short Blades
 - Level 2.5(4.0) Armour
 - Level 6.2(8.1) Dodging
 - Level 6.8(8.7) Stealth
 - Level 17.3(21.4) Spellcasting
 + Level 16.4(19.8) Summonings
 - Level 6.0 Air Magic
 - Level 2.0(4.0) Evocations


You had 31 spell levels left.
You knew the following spells:

 Your Spells              Type           Power      Damage    Failure   Level
a - Summon Small Mammal   Summ           100%       N/A       0%          1
b - Call Imp              Summ           100%       N/A       0%          2
c - Call Canine Familiar  Summ           98%        N/A       0%          3
d - Summon Lightning Spi  Summ/Air       82%        N/A       1%          4
e - Summon Guardian Gole  Hex/Summ       73%        N/A       1%          3
f - Airstrike             Air            30%        2d(5-21)  1%          4
g - Summon Cactus Giant   Summ           49%        N/A       1%          6

Your spell library contained the following spells:

 Spells                   Type           Power      Damage    Failure   Level
 Sting                    Tmut/Pois      100%       1d8       1%          1
 Poisonous Vapours        Pois/Air       98%        N/A       1%          2
 Static Discharge         Conj/Air       96%        2-6/arc   1%          2
 Swiftness                Air            60%        N/A       1%          3
 Vhi's Electric Charge    Tloc/Air       96%        N/A       1%          3
 Animate Armour           Summ/Erth      100%       N/A       1%          4
 Ensorcelled Hibernation  Hex/Ice        62%        N/A       2%          2
 Passwall                 Tmut/Erth      25%        N/A       2%          2
 Ignite Poison            Fire/Tmut/Pois 31%        N/A       4%          3
 Spider Form              Tmut/Pois      32%        N/A       4%          3
 Portal Projectile        Hex/Tloc       62%        N/A       5%          3
 Tukima's Dance           Hex            31%        N/A       5%          3
 Arcjolt                  Conj/Air       24%        1d34      14%         5
 Olgreb's Toxic Radiance  Pois           32%        N/A       17%         4
 Petrify                  Tmut/Erth      31%        N/A       17%         4
 Manifold Assault         Tloc           31%        N/A       19%         4
 Haunt                    Necr/Summ      37%        N/A       24%         7
 Spellforged Servitor     Conj/Summ      36%        N/A       26%         7
 Blade Hands              Tmut           16%        N/A       43%         5
 Fireball                 Conj/Fire      15%        3d8       45%         5
 Iskenderun's Battlesphe  Conj           31%        2d8       45%         5
 Dragon's Call            Summ           49%        N/A       47%         9
 Conjure Ball Lightning   Conj/Air       24%        3x3d7     63%         6
 Dispersal                Tloc           15%        N/A       95%         6
 Orb of Destruction       Conj           15%        9d7       100%        7
 Disjunction              Tloc           15%        N/A       100%        8
 Maxwell's Capacitive Co  Air            30%        ∞         100%        8


Dungeon Overview and Level Annotations

Branches:
Dungeon (11/15)            Temple (1/1) D:6            Lair (5/5) D:11
 Shoals (0/4) Lair:3        Snake (0/4) Lair:3        Slime (0/5) Lair:5
    Orc (0/2) D:9           Sewer (visited)

Altars:
Ashenzari
Cheibriados
Dithmenos
Elyvilon
Fedhas
Gozag
Hepliaklqana
Makhleb
Okawaru
Ru
Trog
Uskayaw
Vehumet
Wu Jian
Xom
Zin
The Shining One

Portals:
Trove: D:10 (give horn of Geryon)


Message History

The drowned soul returns to the deep!
You block the harpy's attack. The harpy claws you. The cane toad stings you!
* * * LOW HITPOINT WARNING * * *
You are lethally poisoned!
The cane toad poisons you! The elephant tramples you.
* * * LOW HITPOINT WARNING * * *
You stumble backwards!
Okay, then.
Blink to where?
Press: ? - help, Dir - move target, p - merfolk avatar Splash!
You fall into the shallow water.
Moving in this stuff is going to be slow.
As you read the scroll of blinking, it crumbles to dust.
* * * LOW HITPOINT WARNING * * *
You feel very sick.
The cane toad stings something!!
You feel better.
The elephant tramples something!
Something holds its ground!
The elephant completely misses something.
Unknown command.
Aiming: Quicksilver Bolt
Press: ? - help, Shift-Dir - straight line, f - harpy
Aim: a harpy (lightly wounded, 74% to hit)
The bolt of dispelling energy hits the harpy!!
The harpy is severely wounded.
You block the harpy's attack. The harpy claws you.
* * * LOW HITPOINT WARNING * * *
You feel much better. The harpy claws you!
* * * LOW HITPOINT WARNING * * *
The harpy claws you!
* * * LOW HITPOINT WARNING * * *
You block the cane toad's attack.
Aiming: Quicksilver Bolt
Press: ? - help, Shift-Dir - straight line, f/p - harpy
Aim: a harpy (severely wounded, 74% to hit)
The bolt of dispelling energy misses the cane toad.
The bolt of dispelling energy hits the harpy!!
You kill the harpy!
The now-empty wand crumbles to dust.
The cane toad stings you!!
You die...

....###......##...............#..
...#.##..#..###..P#...##..#..<...
#P.####.....###......P##.##.#....
##..# #...†.†.÷÷..#.###..#####..#
#..## ##.....##÷.....## .#####...
.#..###...†###..#.....# .........
.....#..P~...#........#...~......
.~.~~..~~.~...~...~~..~.~.~....P.
~##~~~#~~##.~~#~@##~~~#~~#~~~P..#
.#~~.##~~##~~~~F~##~~.#~~##~...##
~~~~~~~~~~~.~C~~~~P~P~~~ ~~~P..*
.P~P~~~~~~~.~~~~.~~~~~~~~~.~#.. *
.##~~######Y########** *~##~...
~##~#~~$#⌠~{C~~~~~⌠#8 *~ #Y~.. *
~~~~~~~~#..~~~P~~~~# ~ ~,
.~~~~.~~#~~~~~~~~~~# ~ ~ *
.#~~#~#~#~8###m#~[~# ~ ~~


You could see an elephant, a cane toad (ally target) and a friendly cactus giant
(summoned).

Vanquished Creatures
  A hydra (Lair:3)
  Sonja (D:10)
  A skyshark (Lair:5)
  A sea snake (Lair:5)
  A spectral hydra (Lair:4)
  A harpy (Lair:5)
  2 elephants
  4 black mambas
  8 cane toads
  2 rime drakes
  A komodo dragon (Lair:3)
  A troll (D:11)
  A hornet (Lair:5)
  5 blink frogs
  A spectral black mamba (Lair:4)
  11 yaks
  2 vampire mosquitoes (D:11)
  An acid dragon (D:9)
  15 water moccasins
  A black bear (D:8)
  A sky beast (D:6)
  2 orc warriors
  2 wolves
  A kobold brigand (D:6)
  8 bullfrogs
  A gnoll sergeant (D:6)
  A scorpion (D:3)
  3 wights
  5 killer bees
  3 howler monkeys
  A jelly (D:5)
  2 hounds
  4 orc priests
  4 iguanas
  Terence (D:3)
  3 sleepcaps
  7 orc wizards
  6 adders
  5 gnolls (D:6)
  A white imp (D:8)
  A worm (D:2)
  3 dart slugs
  28 orcs
  6 ball pythons
  A bat (D:3)
  4 endoplasms
  18 giant cockroaches
  4 goblins
  4 hobgoblins
  3 jackals (D:5)
  9 quokkas
  13 frilled lizards
  10 kobolds
  A rat (D:2)
227 creatures vanquished.

Vanquished Creatures (collateral kills)
  A hydra (Lair:1)
  A catoblepas (Lair:1)
  A centaur warrior (D:11)
  A boulder beetle (Lair:4)
  Nergalle (D:10)
  Lodul (D:10)
  A sea snake (Lair:5)
  An ugly thing (D:11)
  A cyclops (D:11)
  Joseph (D:10)
  An elephant (Lair:4)
  2 gargoyles (D:11)
  2 cane toads (Lair:3)
  2 komodo dragons (Lair:4)
  A rime drake (Lair:2)
  A polar bear (Lair:5)
  A troll (D:11)
  2 hornets
  A wind drake (Lair:5)
  10 blink frogs
  A spectral dream sheep (Lair:4)
  A vampire (D:10)
  19 yaks
  A wraith (D:10)
  A steam dragon (Lair:2)
  A basilisk (Lair:3)
  2 vampire mosquitoes (D:11)
  4 water moccasins
  4 wolves
  8 ogres
  2 centaurs (D:11)
  4 bullfrogs
  6 wights
  4 killer bees
  A hound (D:4)
  An iguana (D:5)
  2 orc wizards (D:10)
  An adder (D:3)
  2 dart slugs
  8 orcs
  2 ball pythons (D:2)
  4 endoplasms
  2 goblins (D:2)
  2 hobgoblins (D:2)
  3 quokkas
  A bat (D:1)
  2 frilled lizards
  A kobold (D:6)
  3 rats
  A butterfly (Lair:4)
127 creatures vanquished.

Vanquished Creatures (others)
  The ghost of Peulonen the Impaler, a journeyman TeDe of Hepliaklqana (Lair:4)
  A boulder beetle simulacrum (Lair:4)
  A fire crab simulacrum (Lair:4)
  A komodo dragon simulacrum (Lair:4)
4 creatures vanquished.

Grand Total: 358 creatures vanquished

Notes
Turn   | Place    | Note
-------+----------+-------------------------------------------
     0 | D:1      | Zonian the Deep Elf Summoner began the quest for the Orb.
     0 | D:1      | Reached XP level 1. HP: 10/10 MP: 6/6
   345 | D:1      | Reached XP level 2. HP: 15/15 MP: 6/8
  1217 | D:2      | Learned a level 2 spell: Call Imp
  1258 | D:2      | Reached XP level 3. HP: 15/19 MP: 8/10
  1602 | D:2      | Found a radiant altar of Vehumet.
  1608 | D:2      | Identified the +8 short sword "Oroar" {spect, Will+}
  1965 | D:3      | Reached XP level 4. HP: 20/24 MP: 9/11
  1972 | D:3      | Reached skill level 4 in Spellcasting
  2422 | D:3      | Reached skill level 5 in Summonings
  2651 | D:3      | Learned a level 3 spell: Call Canine Familiar
  2688 | D:3      | Noticed Terence
  2696 | D:3      | Killed Terence
  2815 | D:3      | Reached XP level 5. HP: 28/28 MP: 13/13
  2972 | D:3      | Found a shadowy altar of Dithmenos.
  2972 | D:3      | Found an iron altar of Okawaru.
  3927 | D:4      | Got Sif Muna's Information on Clay and Vitiation
  4114 | D:4      | Reached XP level 6. HP: 32/32 MP: 15/15
  4270 | D:5      | Entered Level 5 of the Dungeon
  4320 | D:5      | Reached skill level 5 in Spellcasting
  4331 | D:5      | Reached skill level 1 in Short Blades
  4521 | D:5      | Reached skill level 5 in Stealth
  4869 | D:5      | Reached XP level 7. HP: 34/36 MP: 12/17
  5046 | D:5      | Identified the scarf of the Brambles {repulsion, MP-9
                  | Int+6}
  5195 | D:5      | Reached skill level 5 in Dodging
  5358 | D:6      | Found a glowing drain.
  5386 | Sewer    | Entered a sewer
  5965 | D:6      | Reached skill level 6 in Spellcasting
  5965 | D:6      | Reached skill level 1 in Air Magic
  6622 | D:6      | Reached XP level 8. HP: 41/41 MP: 19/19
  7502 | D:6      | Found a staircase to the Ecumenical Temple.
  7514 | Temple   | Entered the Ecumenical Temple
  7761 | Temple   | Became a worshipper of Ashenzari the Shackled
  7880 | D:6      | Learned a level 4 spell: Summon Lightning Spire
  8816 | D:7      | HP: 2/41 [orc warrior/+1 vampiric trident (8)]
  9127 | D:7      | Reached skill level 7 in Spellcasting
 10167 | D:8      | Reached XP level 9. HP: 39/45 MP: 15/23
 10486 | D:8      | Reached skill level 8 in Spellcasting
 11184 | D:8      | Reached * piety under Ashenzari
 11190 | D:8      | Reached skill level 13 in Spellcasting
 11190 | D:8      | Reached XP level 10. HP: 50/50 MP: 24/30
 11195 | D:8      | Learned a level 3 spell: Summon Guardian Golem
 11809 | D:9      | Found a staircase to the Orcish Mines.
 12266 | D:9      | Identified the +2 scale mail "Qouhio" {rF+ Dex-5 Stlth+}
 12371 | D:10     | Entered Level 10 of the Dungeon
 12513 | D:10     | Noticed Lodul
 12513 | D:10     | Noticed Sonja
 12962 | D:10     | Reached ** piety under Ashenzari
 12963 | D:10     | Noticed Joseph
 12979 | D:10     | Killed Joseph
 13263 | D:10     | Killed Sonja
 13591 | D:10     | Reached skill level 14 in Spellcasting
 13689 | D:10     | Killed Lodul
 13866 | D:10     | Reached XP level 11. HP: 54/54 MP: 29/33
 14269 | D:10     | Found a portal to a secret trove of treasure.
 14329 | D:10     | Noticed Nergalle
 14340 | D:10     | Killed Nergalle
 14794 | D:11     | Reached skill level 15 in Spellcasting
 15209 | D:11     | Found a staircase to the Lair.
 15736 | D:11     | Noticed a red ugly thing
 15753 | D:11     | Killed a red ugly thing
 15830 | D:11     | Reached *** piety under Ashenzari
 15831 | D:11     | Noticed a centaur warrior
 15844 | D:11     | Killed a centaur warrior
 16342 | Lair:1   | Entered Level 1 of the Lair of Beasts
 16342 | Lair:1   | Identified a scroll of acquirement
 16347 | Lair:1   | Acquired the +0 hat of the Stars {rCorr}
 16382 | Lair:1   | Noticed an eight-headed hydra
 16388 | Lair:1   | Killed an eight-headed hydra
 16615 | Lair:1   | Reached **** piety under Ashenzari
 16724 | Lair:1   | Reached skill level 5 in Short Blades
 16724 | Lair:1   | Reached skill level 16 in Spellcasting
 17138 | Lair:1   | Noticed a catoblepas
 17161 | Lair:1   | Killed a catoblepas
 17162 | Lair:1   | Reached XP level 12. HP: 57/60 MP: 29/38
 17512 | Lair:2   | Learned a level 4 spell: Airstrike
 18004 | Lair:2   | Reached skill level 1 in Fighting
 19119 | Lair:3   | Found a staircase to the Shoals.
 19618 | Lair:3   | Reached skill level 5 in Air Magic
 19723 | Lair:3   | Found a staircase to the Snake Pit.
 19953 | Lair:3   | Reached skill level 17 in Spellcasting
 20292 | Lair:3   | Noticed a seven-headed hydra
 20300 | Lair:3   | Killed a seven-headed hydra
 20625 | Lair:4   | Reached skill level 15 in Summonings
 20701 | Lair:4   | Noticed a boulder beetle
 21429 | Lair:4   | Reached XP level 13. HP: 70/70 MP: 36/40
 21478 | Lair:4   | Found a runed translucent gate.
 21478 | Lair:4   | Found a runed translucent gate.
 21478 | Lair:4   | Found a runed translucent gate.
 21480 | Lair:4   | Noticed Peulonen's ghost (journeyman TeDe)
 21503 | Lair:4   | Reached skill level 1 in Evocations
 21514 | Lair:4   | Killed Peulonen's ghost
 21515 | Lair:4   | Reached skill level 1 in Armour
 21531 | Lair:4   | Acquired the Catalogue of Company
 21540 | Lair:4   | Learned a level 6 spell: Summon Cactus Giant
 21614 | Lair:4   | Acquired the amulet "Qurynu" {Reflect +Inv rElec Will+
                  | Int+3 SH+5}
 22169 | Lair:5   | Entered Level 5 of the Lair of Beasts
 22555 | Lair:5   | Identified the -1 pair of boots of Tartarus {rC+}
 22561 | Lair:5   | Found the +8 trident of the Octopus King {venom, rElec
                  | rPois}
 22582 | Lair:5   | HP: 3/70 [harpy (8)]
 22583 | Lair:5   | Demolished by a cane toad

Illustrated notes

Levels and vault maps discovered:
D:1:      dpeg_arrival_connections, layout_loops_ring, minmay_pentomino_s2
D:2:      layout_rooms, basic_altar
D:3:      cheibrodos_old_hovel, layout_loops_ring,
          gammafunk_temple_overflow_elements, uniq_terence
D:4:      layout_basic, grunt_ministairs_9, minmay_misc_feat_plants,
          minmay_misc_feat_iff
D:5:      layout_rooms
D:6:      layout_loops_ring, temple_hall, gup_sewer_entry_pipe,
          grunt_decor_arrowhead, hangedman_glass_teeth, hangedman_decor_lopped,
          nrook_campfire, lexackson_kobold_supper
D:7:      layout_loops_ring, minmay_misc_feat_alley
D:8:      layout_loops_cross
D:9:      layout_loops_cross, orc_0_dummy, minmay_misc_feat_x
D:10:     layout_long_grid, nicolae_trove_entry_diagonal,
          serial_co_window_serial, co_window_paths_b, co_window_cross_1,
          co_window_paths_b, co_window_of_opportunity_a,
          co_window_of_opportunity_a, co_window_corner_b, co_window_2corner,
          co_window_broadway_a, co_window_corner_ca, glass_columns_b,
          uniq_sonja, uniq_lodul, uniq_nergalle, uniq_joseph
D:11:     layout_rooms, lair_entry_dummy
Temple:   mainiacjoe_temple_big_plus
Lair:1:   layout_regular_city
Lair:2:   layout_hall_layers, lemuel_fruit_tree
Lair:3:   layout_big_grid, elwin_shoals_entry_rocks,
          minmay_snake_entry_six_corridors, serial_bayou_ford_a
Lair:4:   layout_roguey, gammafunk_ghost_necromancy, beast_lair_carwin_3,
          lemuel_fruit_fields
Lair:5:   gammafunk_lair_ancient_temple, layout_loops_ring,
          nicolae_slime_entry_field_trip, serial_rivers,
          chequers_serial_rivers_small_a, chequers_serial_rivers_small_a,
          chequers_serial_rivers_room_b, chequers_serial_rivers_small_a,
          chequers_serial_rivers_micro_c, nicolae_volcano_entry_batcave

Skill      XL: |  1  2  3  4  5  6  7  8  9 10 11 12 13 |
---------------+----------------------------------------+-----
Stealth        | 3 4 5 6 |  6.8
Dodging        | 3 4 5 6 |  6.2
Spellcasting   | 4 5 6 7 13 14 16 17 | 17.3
Summonings     | 5 6 7 11 12 14 15 16 | 16.4
Short Blades   | 1 2 4 5 7 8 |  8.1
Air Magic      | 1 3 4 6 |  6.0
Fighting       | 1 |  1.4
Evocations     | 2 |  2.0
Armour         | 2 |  2.5

Action                     |  1- 3 |  4- 6 |  7- 9 | 10-12 | 13-15 || total
---------------------------+-------+-------+-------+-------+-------++-------
  Melee: Unarmed           |    93 |       |       |       |       ||    93
         Punch             |     3 |       |     1 |     7 |     2 ||    13
         Short sword       |    24 |    67 |   212 |   195 |    62 ||   560
  Throw: Dart              |       |       |     9 |     2 |       ||    11
         Throwing net      |       |       |     3 |       |       ||     3
         Boomerang         |       |       |       |     1 |     1 ||     2
   Cast: Summon Small Mamm |    28 |     9 |     7 |     5 |       ||    49
         Call Imp          |       |     7 |    16 |    21 |     1 ||    45
         Call Canine Famil |       |       |     6 |    31 |     6 ||    43
         Summon Lightning  |       |       |       |    36 |     5 ||    41
         Summon Guardian G |       |       |       |     6 |     1 ||     7
         Summon Cactus Gia |       |       |       |       |     5 ||     5
         Airstrike         |       |       |       |       |     3 ||     3
 Invoke: Curse Item        |       |       |     2 |     4 |     2 ||     8
         Shatter the Chain |       |       |       |       |     1 ||     1
  Evoke: Wand              |       |       |     9 |     5 |     7 ||    21
    Use: Potion            |       |     5 |     4 |     2 |     6 ||    17
         Scroll            |       |     3 |    12 |     1 |     4 ||    20
   Stab: Distracted        |     2 |     3 |     2 |     8 |     3 ||    18
         Sleeping          |     1 |     7 |     9 |     9 |     1 ||    27
         Paralysed         |       |       |       |       |     3 ||     3
 Armour: Robe              |    33 |     1 |       |       |       ||    34
         Leather armour    |       |    10 |    42 |    19 |     5 ||    76
  Dodge: Dodged            |    88 |    26 |   104 |    88 |    24 ||   330
  Block: Other             |       |       |       |       |    11 ||    11

Table legend: (Time is in decaauts)
 A = Elapsed time spent in this place.
 B = Non-inter-level travel time spent in this place.
 C = Inter-level travel time spent in this place.
 D = Time resting spent in this place.
 E = Time spent auto-exploring this place.
 F = Levels seen in this place.
 G = Mean time per level.
                   A        B        C        D        E       F      G
               +--------+--------+--------+--------+--------+-----+--------+
         Total |  22561 |  22055 |    506 |   8815 |   8835 |  18 | 1253.4 |
       Dungeon |  15597 |  15199 |    398 |   6411 |   6064 |  11 | 1417.9 |
        Temple |    277 |    247 |     30 |      0 |    232 |   1 |  277.0 |
          Lair |   6191 |   6114 |     77 |   2194 |   2536 |   5 | 1238.2 |
         Sewer |    495 |    495 |      0 |    210 |      3 |   1 |  495.0 |
               +--------+--------+--------+--------+--------+-----+--------+

Top non-repeatable levels by time:
     D:6: 2728 daAuts
    D:10: 2359 daAuts
  Lair:2: 1625 daAuts
     D:8: 1571 daAuts
  Lair:4: 1545 daAuts
     D:3: 1530 daAuts
  Lair:3: 1478 daAuts
    D:11: 1244 daAuts
     D:7: 1215 daAuts
     D:9: 1191 daAuts
  Lair:1: 1126 daAuts
     D:5: 990 daAuts
     D:2: 970 daAuts
     D:4: 908 daAuts
     D:1: 887 daAuts
